 Dungeon Crawl Stone Soup version 0.26-a0-597-gb535b0901c (webtiles) character file.

Game seed: 6316901249996877350

30112 Seondeok the Impaler (level 13, -1/108 HPs)
             Began as a Merfolk Transmuter on Sept 2, 2020.
             Was the Champion of Makhleb.
             Slain by a naga warrior
             ... wielding a +0 glaive
              (10 damage)
             ... on level 1 of the Abyss.
             The game lasted 00:55:10 (21874 turns).

Seondeok the Impaler (Merfolk Transmuter)          Turns: 21874, Time: 00:55:11

Health: -1/108     AC: 27    Str: 22    XL:     13   Next: 49%
Magic:  19/19      EV:  7    Int: 13    God:    Makhleb [******]
Gold:   2091       SH:  5    Dex: 14    Spells: 15/16 levels left

rFire    + . .     SeeInvis .   W - +6 trident of Dung {protect, Str+7}
rCold    . . .     Faith    +   S - +2 buckler
rNeg     . . .     Spirit   .   z - +0 plate armour
rPois    .         Reflect  .   Q - +0 helmet
rElec    .         Harm     .   H - +0 cloak {rCorr}
rCorr    +                      l - +0 pair of gloves
MR       .....                  d - +1 pair of boots
Stlth    ..........             x - amulet of faith
HPRegen  0.28/turn              R - ring of protection from fire
MPRegen  0.16/turn              (no ring)

@: protection aura, berserk cooldown, hasted and slowed
A: change form in water, swift swim, stealthy swim
a: Minor Destruction, Lesser Servant of Makhleb, Major Destruction, Greater
Servant of Makhleb, Renounce Religion


You were on level 1 of the Abyss.
You worshipped Makhleb.
Makhleb was exalted by your worship.
You visited 1 branch of the dungeon, and saw 14 of its levels.
You visited the Abyss 1 time.

You collected 2117 gold pieces.
You spent 26 gold pieces at shops.

Inventory:

Hand Weapons
 k - a +3 trident
 N - a +2 trident of freezing
 W - the +6 trident of Dung (weapon) {protect, Str+7}
   (You found it on level 11 of the Dungeon)

   It grants its wielder temporary protection when it strikes (+7 to AC).
   It affects your strength (+7).
Missiles
 a - 2 curare-tipped darts
 h - 5 boomerangs (quivered)
 u - 13 javelins
 L - 64 poisoned darts
 X - 4 throwing nets
Armour
 d - a +1 pair of boots (worn)
 l - a +0 pair of gloves (worn)
 z - a +0 plate armour (worn)
 E - a +1 robe of cold resistance
 H - a +0 cloak of preservation (worn)
 Q - a +0 helmet (worn)
 S - a +2 buckler (worn)
 T - a +0 chain mail of fire resistance
Jewellery
 m - an uncursed amulet of the acrobat
 q - an uncursed ring of protection from magic
 x - an amulet of faith (around neck)
 B - an uncursed ring of ice
 I - an uncursed ring of protection from fire
 R - a ring of protection from fire (left hand)
Wands
 b - a wand of iceblast (21)
 f - a wand of disintegration (3)
 G - a wand of flame (46)
Scrolls
 e - 4 scrolls of enchant armour
 g - 7 scrolls of amnesia
 i - 2 scrolls of enchant weapon
 o - a scroll of blinking
 t - 2 scrolls of random uselessness {unknown}
 v - 7 scrolls of teleportation
 y - 6 scrolls of remove curse
 A - a scroll of magic mapping
 C - 2 scrolls of immolation {unknown}
 D - 3 scrolls of fog {unknown}
 F - a scroll of silence
 M - 3 scrolls of fear {unknown}
Potions
 c - a potion of haste
 n - 2 potions of flight
 p - a potion of heal wounds
 r - 4 potions of curing
 s - a potion of magic
 w - 5 potions of lignification
 J - a potion of might
 O - a potion of resistance
 P - a potion of brilliance
Miscellaneous
 U - a lightning rod (4/4)
 V - a tin of tremorstones (3/3)


   Skills:
 + Level 12.0 Fighting
 + Level 17.6 Polearms
 + Level 3.7 Throwing
 + Level 9.2 Armour
 - Level 2.6 Dodging
 - Level 0.1 Stealth
 - Level 3.2 Unarmed Combat
 - Level 2.0 Spellcasting
 - Level 2.6 Transmutations
 - Level 8.0 Invocations


You had 15 spell levels left.
You knew the following spells:

 Your Spells              Type           Power        Failure   Level
a - Beastly Appendage     Tmut           #.....       90%         1

Your spell library contained the following spells:

 Spells                   Type           Power        Failure   Level
 Wereblood                Tmut           #.......     97%         2
 Magic Dart               Conj           #...         99%         1
 Sandblast                Erth           #.....       99%         1
 Passwall                 Tmut/Erth      #.......     99%         2
 Blink                    Tloc           N/A          100%        2
 Call Imp                 Summ           #.......     100%        2
 Slow                     Hex            #.......     100%        2
 Conjure Flame            Conj/Fire      #.......     100%        3
 Mephitic Cloud           Conj/Pois/Air  #.......     100%        3
 Spider Form              Tmut/Pois      #.........   100%        3
 Stone Arrow              Conj/Erth      #.....       100%        3
 Ice Form                 Ice/Tmut       #.......     100%        4
 Petrify                  Tmut/Erth      #.......     100%        4
 Blade Hands              Tmut           #.........   100%        5
 Lee's Rapid Deconstruct  Erth           #.........   100%        5


Dungeon Overview and Level Annotations

Branches:
Dungeon (14/15)            Temple (0/1) D:6            Lair (0/6) D:8
    Orc (0/2) D:9
 Vaults: D:13-14

Altars:
Ashenzari
Elyvilon
Fedhas
Makhleb
Nemelex Xobeh
Okawaru
Qazlal
Sif Muna
Trog
Uskayaw
Vehumet
Wu Jian
Zin
The Shining One

Shops:
D:4 *   D:9 (   D:12 =}

Annotations:
D:2 exclusion: downstairs
D:3 exclusion: downstairs
D:5 exclusion: downstairs
D:7 1 runed translucent door, Crazy Yiuf
D:9 exclusion: downstairs
D:10 exclusion: 2 downstairs


Message History

You feel sick.
You puncture the large abomination!
You destroy the large abomination!
Makhleb accepts your kill.
* * * LOW HITPOINT WARNING * * *
You feel sick.
The naga warrior hits you but does no damage.
Unknown command.
You are no longer berserk.
You are exhausted.
You feel as though you will be slow longer.
* * * LOW HITPOINT WARNING * * *
You feel sick.
A naga comes into view.
It is wielding a +0 long sword and wearing the cursed +0 tower shield of the Game Afoot {-Cast rN+ Int+3 Dex+3}.
Things that are here:
a +0 halberd; 15 gold pieces You feel better.
The naga shouts!
The naga warrior hits you with a +0 glaive!
You die...

.###N#
.#.....#...
.......... .
.....(... .
.......##.
...#...# #. .
## .#.#N# # . .
. #. .#..@# # .
. .†#...#. #. #
....##...##.#.
#.
.............##
. .. ...
...#....## ##
.$.....
....###.. #. .
... .#..#... ##
. .
.......##..#. #
##. ....X....
#..#.#.. ..


You could see a naga warrior and a naga.

Vanquished Creatures
  Fannar (D:11)
  Harold (D:11)
  3 vault guards
  A hydra (D:11)
  7 centaur warriors
  Erica (D:8)
  3 two-headed ogres
  Pikel (D:8)
  An orc knight (D:12)
  2 cyclopes (D:12)
  A manticore (D:12)
  A worldbinder (Abyss:1)
  3 centaur zombies
  Maurice (D:12)
  A centaur skeleton (D:13)
  2 gargoyles
  A guardian serpent (Abyss:1)
  Psyche (D:11)
  A freezing wraith (D:14)
  4 trolls
  A hornet (D:11)
  2 hippogriffs
  A slime creature (D:11)
  A vampire (D:11)
  2 wraiths
  A large abomination (Abyss:1)
  Sigmund (D:6)
  Eustachio (D:5)
  A water elemental (D:14)
  11 yaks
  2 wyverns
  Grum (D:11)
  A vampire mosquito (D:12)
  A naga (Abyss:1)
  2 acid dragons (D:11)
  A meliai simulacrum (D:12)
  A phantom (D:7)
  3 orc warriors
  5 sky beasts
  A black bear (D:10)
  4 wolves (D:10)
  21 centaurs
  3 ogres
  4 big kobolds
  8 bullfrogs
  2 scorpions
  5 killer bees (D:11)
  3 electric eels (D:14)
  30 wights
  2 howler monkeys
  A bullfrog zombie (D:13)
  A quasit (D:8)
  13 orc priests
  10 hounds
  17 orc wizards
  2 jellies
  3 bullfrog skeletons
  Jessica (D:2)
  2 iguanas
  3 worker ants
  Ijyb (D:5)
  2 hound skeletons
  2 worker ant zombies
  7 gnolls
  13 adders
  A shadow imp (D:10)
  2 white imps
  An ufetubus (D:10)
  3 oozes
  An adder skeleton (D:5)
  2 adder zombies (D:7)
  4 worms
  3 dart slugs
  10 leopard geckos
  61 orcs
  11 giant cockroaches
  10 goblins
  10 hobgoblins
  5 quokkas
  A ball python (D:1)
  A ball python skeleton (D:2)
  11 bats
  4 frilled lizards
  A jackal skeleton (D:4)
  2 jackal zombies (D:7)
  35 kobolds
  A leopard gecko skeleton (D:4)
  A leopard gecko zombie (D:7)
  2 quokka zombies
  5 rats
425 creatures vanquished.

Vanquished Creatures (collateral kills)
  An unseen horror (D:10)
1 creature vanquished.

Vanquished Creatures (others)
  An unseen horror (D:11)
  16 plants (D:14)
17 creatures vanquished.

Grand Total: 443 creatures vanquished

Notes
Turn   | Place    | Note
-------+----------+-------------------------------------------
     0 | D:1      | Seondeok the Merfolk Transmuter began the quest for the
                  | Orb.
     0 | D:1      | Reached XP level 1. HP: 15/15 MP: 3/3
   378 | D:1      | Reached XP level 2. HP: 22/22 MP: 3/5
   864 | D:1      | Reached skill level 1 in Polearms
   871 | D:1      | Reached XP level 3. HP: 9/27 MP: 6/6
  1268 | D:1      | Reached skill level 2 in Polearms
  2247 | D:2      | Noticed a bullfrog
  2252 | D:2      | Killed a bullfrog
  2252 | D:2      | Reached skill level 4 in Polearms
  2252 | D:2      | Reached XP level 4. HP: 29/34 MP: 5/7
  2259 | D:2      | Reached XP level 5. HP: 36/40 MP: 6/8
  2330 | D:2      | Noticed Jessica
  2459 | D:2      | Killed Jessica
  2459 | D:2      | Reached skill level 5 in Polearms
  2508 | D:2      | Found a burning altar of Makhleb.
  2587 | D:2      | Became a worshipper of Makhleb the Destroyer
  2762 | D:2      | Reached skill level 6 in Polearms
  3283 | D:2      | Reached XP level 6. HP: 46/47 MP: 9/9
  3427 | D:2      | Reached skill level 1 in Armour
  3611 | D:2      | Found a faded altar of an unknown god.
  3733 | D:3      | Reached skill level 7 in Polearms
  3734 | D:3      | Reached * piety under Makhleb
  4269 | D:3      | Found a hide-covered altar of Uskayaw.
  4733 | D:3      | Reached ** piety under Makhleb
  5437 | D:4      | Reached skill level 8 in Polearms
  5442 | D:4      | Reached XP level 7. HP: 41/52 MP: 10/10
  5735 | D:4      | Found Vini's General Store.
  5751 | D:4      | Bought 4 curare-tipped darts for 26 gold pieces
  5754 | D:4      | Found a shattered altar of Ashenzari.
  6240 | D:4      | Found a stormy altar of Qazlal.
  6311 | D:5      | Entered Level 5 of the Dungeon
  6666 | D:5      | Noticed Eustachio
  6692 | D:5      | Killed Eustachio
  6692 | D:5      | Reached skill level 9 in Polearms
  6820 | D:5      | Found a shimmering blue altar of Sif Muna.
  6820 | D:5      | Found a sparkling altar of Nemelex Xobeh.
  7372 | D:5      | Found a white marble altar of Elyvilon.
  7430 | D:5      | Noticed Ijyb
  7436 | D:5      | Killed Ijyb
  7618 | D:5      | Reached skill level 10 in Polearms
  7618 | D:5      | Reached XP level 8. HP: 61/61 MP: 11/11
  8250 | D:6      | Reached *** piety under Makhleb
  8468 | D:6      | Found a staircase to the Ecumenical Temple.
  8730 | D:6      | Reached skill level 11 in Polearms
  8738 | D:6      | Reached skill level 1 in Invocations
  8833 | D:6      | Reached skill level 5 in Fighting
  9141 | D:6      | Noticed Sigmund
  9566 | D:6      | Killed Sigmund
  9657 | D:6      | Reached XP level 9. HP: 68/68 MP: 12/12
  9779 | D:7      | Found an ornate altar of the Wu Jian Council.
  9926 | D:7      | Reached skill level 12 in Polearms
 10291 | D:7      | Found an iron altar of Okawaru.
 10617 | D:7      | Found a runed translucent door.
 10618 | D:7      | Noticed Crazy Yiuf
 10808 | D:8      | Found a radiant altar of Vehumet.
 11156 | D:8      | Found a glowing golden altar of the Shining One.
 11262 | D:8      | Noticed Pikel
 11273 | D:8      | Killed Pikel
 11273 | D:8      | Reached **** piety under Makhleb
 11273 | D:8      | Reached skill level 13 in Polearms
 11824 | D:8      | Reached XP level 10. HP: 54/77 MP: 13/13
 12070 | D:8      | Found a glowing silver altar of Zin.
 12082 | D:8      | Found a bloodstained altar of Trog.
 12089 | D:8      | Noticed Erica
 12203 | D:8      | Killed Erica
 12203 | D:8      | Reached skill level 14 in Polearms
 12203 | D:8      | Reached skill level 5 in Invocations
 12307 | D:8      | Found a staircase to the Lair.
 12985 | D:9      | Found a staircase to the Orcish Mines.
 12988 | D:9      | Found Lihegur's Weapon Boutique.
 13677 | D:9      | Reached ***** piety under Makhleb
 14724 | D:10     | Entered Level 10 of the Dungeon
 14879 | D:10     | Reached skill level 5 in Armour
 14942 | D:10     | Reached skill level 15 in Polearms
 15092 | D:10     | Killed an unseen horror
 15484 | D:10     | Noticed a gargoyle
 15505 | D:10     | Killed a gargoyle
 15505 | D:10     | Reached XP level 11. HP: 55/85 MP: 15/15
 16132 | D:10     | Reached skill level 1 in Throwing
 16262 | D:11     | Noticed a two-headed ogre
 16577 | D:11     | Noticed Fannar
 16630 | D:11     | Noticed Grum
 16630 | D:11     | Noticed a two-headed ogre
 16667 | D:10     | Killed a two-headed ogre
 16690 | D:11     | Killed Grum
 17221 | D:11     | Found a blossoming altar of Fedhas.
 17635 | D:11     | Killed a two-headed ogre
 17667 | D:11     | Killed an unseen horror
 17895 | D:11     | Killed Fannar
 18867 | D:11     | Noticed Psyche
 18867 | D:11     | Noticed Harold
 18882 | D:11     | Got a brightly glowing trident
 18883 | D:11     | Identified the +6 trident of Dung {protect, Str+7} (You
                  | found it on level 11 of the Dungeon)
 18906 | D:11     | Killed Harold
 18906 | D:11     | Reached XP level 12. HP: 95/95 MP: 17/17
 18910 | D:11     | Noticed a seven-headed hydra
 18920 | D:11     | Killed Psyche
 18929 | D:11     | Killed a seven-headed hydra
 19090 | D:12     | Reached skill level 16 in Polearms
 19100 | D:12     | Found Lixug's Gadget Boutique.
 19143 | D:12     | Identified a scroll of acquirement
 19144 | D:12     | Acquired 1230 gold pieces
 19146 | D:12     | You fall into a shaft and drop 2 floors!
 19147 | D:14     | Noticed a death knight
 19346 | D:14     | Noticed a centaur warrior
 19359 | D:14     | Killed a centaur warrior
 19469 | D:13     | Noticed a centaur warrior
 19481 | D:13     | Killed a centaur warrior
 19481 | D:13     | Reached skill level 10 in Fighting
 19542 | D:13     | Noticed a centaur warrior
 19560 | D:13     | Killed a centaur warrior
 19560 | D:13     | Reached ****** piety under Makhleb
 19612 | D:13     | Noticed a centaur warrior
 19642 | D:13     | Killed a centaur warrior
 19646 | D:13     | Noticed a two-headed ogre
 19660 | D:13     | Killed a two-headed ogre
 19673 | D:13     | Noticed a centaur warrior
 19678 | D:13     | Noticed a centaur warrior
 19684 | D:13     | Noticed a vault guard
 19685 | D:13     | Killed a centaur warrior
 19688 | D:13     | Noticed a vault guard
 19691 | D:13     | Noticed a vault guard
 19694 | D:13     | Killed a centaur warrior
 19718 | D:13     | Killed a vault guard
 19718 | D:13     | Reached skill level 17 in Polearms
 19718 | D:13     | Reached XP level 13. HP: 88/106 MP: 19/19
 19723 | D:13     | Noticed a vault guard
 19740 | D:13     | Killed a vault guard
 19759 | D:12     | Found Xuustrism's Jewellery Shop.
 19759 | D:12     | Found a burning altar of Makhleb.
 20097 | D:12     | Paralysed by a hornet for 2 turns
 20536 | D:12     | Noticed Maurice
 20569 | D:12     | Killed Maurice
 20801 | D:12     | Killed a vault guard
 21641 | D:11     | Cast into level 1 of the Abyss (big kobold)
 21870 | Abyss:1  | HP: 7/162 [naga warrior/+0 glaive (3)]
 21873 | Abyss:1  | HP: 2/108 [poisoned by a naga warrior (splash of poison)]
 21873 | Abyss:1  | Identified the cursed +0 tower shield of the Game Afoot
                  | {-Cast rN+ Int+3 Dex+3}
 21874 | Abyss:1  | Slain by a naga warrior

Illustrated notes

Levels and vault maps discovered:
D:1:      doesnt_arrival_eight_statues, layout_loops_cross
D:2:      layout_loops_cross, makhleb_heckhound_becter,
          chequers_ecumenical_altar_grove, ebering_dispersal_statue_hall,
          kennysheep_jessica_study, uniq_jessica
D:3:      minmay_chambers_of_threes, layout_basic, overflow_temple_1_default
D:4:      layout_basic, lemuel_coloured_pillars_altar, kennysheep_little_box,
          serial_shops, shop_fountains
D:5:      layout_cave_pods, elyvilon_altar_5, gammafunk_temple_overflow_pools,
          uniq_eustachio, uniq_ijyb
D:6:      layout_gridville, temple_pool_b, serial_rivers,
          chequers_serial_rivers_micro_b, chequers_serial_rivers_large_a,
          chequers_serial_rivers_micro_c, chequers_serial_rivers_small_b,
          corexii_checkpoint_a, corexii_corridor_pit, sigmund_army
D:7:      layout_basic, lemuel_crystal_altar, kennysheep_okawaru_gauntlet,
          lemuel_old_faithful, uniq_crazy_yiuf_cottage
D:8:      layout_loops_ring, lemuel_doored_altar, tso_metal_star,
          vehumet_altar_wand_db, overflow_temple_1_default, lair_entry_dummy,
          uniq_pikel, uniq_erica
D:9:      layout_roguey, orc_david_3
D:10:     layout_basic
D:11:     layout_rooms, portal_ice_cave_entry_pillars_2,
          fedhas_bush_and_centaur_altar, uniq_fannar, uniq_grum, uniq_psyche,
          uniq_harold
D:12:     layout_cave_pools, basic_altar, serial_shops, shop_statue, shop, shop,
          kb_rosetta, uniq_maurice
D:13:     layout_gridville, lightli_vaults_fourway_checkpoint
D:14:     layout_basic, hangedman_decor_growths, serial_bayou,
          serial_bayou_lagoon_b, serial_bayou_pond_b
Abyss:1:  base:
D:11

Skill      XL: |  1  2  3  4  5  6  7  8  9 10 11 12 13 |
---------------+----------------------------------------+-----
Fighting       | 2 3 4 5 6 7 9 11 12 | 12.0
Polearms       | 1 4 6 8 10 11 13 15 17 | 17.6
Armour         | 1 2 3 4 5 7 8 9 |  9.2
Invocations    | 2 4 6 7 8 |  8.0
Throwing       | 1 3 |  3.7
Dodging        | |  2.6
Stealth        | |  0.1
Unarmed Combat | |  3.2
Spellcasting   | |  2.0
Transmutations | |  2.6

Action                   |  1- 3 |  4- 6 |  7- 9 | 10-12 | 13-15 || total
-------------------------+-------+-------+-------+-------+-------++-------
Melee: Whip              |     8 |       |       |       |       ||     8
       Short sword       |     4 |       |       |       |       ||     4
       Headbutt          |    12 |     8 |       |       |       ||    20
       Unarmed           |     1 |       |       |       |       ||     1
       Halberd           |    68 |   240 |       |       |       ||   308
       Bardiche          |       |    15 |   379 |    80 |       ||   474
       Tailslap          |       |       |     1 |     2 |       ||     3
       Trident           |       |       |       |   852 |   283 ||  1135
Throw: Boomerang         |       |     3 |    45 |    38 |     2 ||    88
       Dart              |       |    19 |   113 |    37 |     6 ||   175
 Cast: Beastly Appendage |    19 |    16 |       |       |       ||    35
Invok: Lesser Servant of |       |       |     1 |     1 |       ||     2
Evoke: Wand              |       |       |       |     4 |       ||     4
  Use: Scroll            |       |     5 |     4 |    17 |     1 ||    27
       Potion            |       |       |       |     5 |     4 ||     9
 Stab: Distracted        |       |       |     1 |       |       ||     1
       Invisible         |       |       |       |     4 |       ||     4
Armor: Robe              |    15 |       |       |       |       ||    15
       Scale mail        |     4 |    30 |       |       |       ||    34
       Plate armour      |       |   123 |   333 |   518 |   157 ||  1131
Dodge: Dodged            |    80 |    68 |    82 |   136 |    72 ||   438
Block: Buckler           |       |       |       |   118 |    57 ||   175

Table legend: (Time is in decaauts)
 A = Elapsed time spent in this place.
 B = Non-inter-level travel time spent in this place.
 C = Inter-level travel time spent in this place.
 D = Time resting spent in this place.
 E = Time spent auto-exploring this place.
 F = Levels seen in this place.
 G = Mean time per level.
                   A        B        C        D        E       F      G
               +--------+--------+--------+--------+--------+-----+--------+
         Total |  21726 |  20737 |    989 |  10066 |   6561 |  15 | 1448.4 |
       Dungeon |  21510 |  20521 |    989 |   9911 |   6541 |  14 | 1536.4 |
         Abyss |    216 |    216 |      0 |    155 |     20 |   1 |  216.0 |
               +--------+--------+--------+--------+--------+-----+--------+

Top non-repeatable levels by time:
    D:11: 2868 daAuts
    D:10: 2489 daAuts
     D:5: 2291 daAuts
     D:1: 2128 daAuts
     D:8: 2041 daAuts
     D:9: 1956 daAuts
     D:2: 1807 daAuts
     D:3: 1480 daAuts
     D:6: 1329 daAuts
     D:4: 1007 daAuts
     D:7: 940 daAuts
    D:12: 660 daAuts
    D:14: 279 daAuts
    D:13: 228 daAuts
 Abyss:1: 216 daAuts
